 Dungeon Crawl Stone Soup version 0.29.1-1-gd02db6906a (webtiles) character file.

Game seed: 11809004401268881726

33 Icepheonix32 the Insei (level 3, 0/26 HPs)
             Began as a Merfolk Transmuter on Oct 5, 2022.
             Slain by a jackal (3 damage)
             ... on level 2 of the Dungeon.
             The game lasted 00:01:23 (1357 turns).

Icepheonix32 the Insei (Merfolk Transmuter)         Turns: 1357, Time: 00:01:23

Health: 0/26       AC:  2    Str: 10    XL:     3   Next: 29%
Magic:  5/6        EV: 13    Int: 14    God:
Gold:   46         SH:  0    Dex: 14    Spells: 5/6 levels left

rFire   . . .      SeeInvis .     - Unarmed
rCold   . . .      Faith    .   i - orb {light}
rNeg    . . .      Spirit   .   a - +0 robe
rPois   .          Reflect  .   (helmet currently unavailable)
rElec   .          Harm     .   (no cloak)
rCorr   .          Rampage  .   (no gloves)
Will    .....                   (boots currently unavailable)
Stlth   +.........              (no amulet)
HPRegen 0.08/turn               (no ring)
MPRegen 0.10/turn               (no ring)

@: appendages, glowing
A: horns 2, (nimble swimmer 2), mertail
a: End Transformation


You were on level 2 of the Dungeon.
You had temporarily grown beastly horns.
You visited 1 branch of the dungeon, and saw 2 of its levels.

You collected 46 gold pieces.

Inventory:

Armour
 a - a +0 robe (worn)
 i - an orb of light (worn)
Scrolls
 e - a scroll of poison {unknown}
Potions
 b - a potion of lignification
 c - a potion of brilliance {unknown}
 d - a potion of resistance {unknown}
 f - a potion of magic {unknown}
 g - a potion of ambrosia
 h - a potion of might {unknown}


   Skills:
 + Level 1.2 Fighting
 + Level 2.9 Dodging
 + Level 3.8 Unarmed Combat
 + Level 2.1 Spellcasting
 * Level 3.7 Transmutations


You had 5 spell levels left.
You knew the following spells:

 Your Spells              Type           Power      Damage    Failure   Level
a - Beastly Appendage     Tmut           22%        N/A       4%          1

Your spell library contained the following spells:

 Spells                   Type           Power      Damage    Failure   Level
 Wereblood                Tmut           11%        N/A       8%          2
 Spider Form              Tmut/Pois      6%         N/A       32%         3
 Ice Form                 Ice/Tmut       6%         N/A       73%         4


Dungeon Overview and Level Annotations

Branches:
Dungeon (2/15)

Altars:


Innate Abilities, Weirdness & Mutations

You have temporarily grown beastly horns.
((You are very nimble when in or above water. (Stealth+, EV+, Speed+++)))
Your lower body shifts to a powerful aquatic tail in water.


Message History

You hit the jackal.
You kill the jackal!
You hit the jackal but do no damage. The jackal barely misses you.
The jackal closely misses you.
You completely miss the jackal. The jackal barely misses you.
The jackal closely misses you. The jackal bites you.
The jackal closely misses you.
You hit the jackal but do no damage. The hobgoblin hits you.
The jackal barely misses you. The jackal bites you.
You hit the jackal.
The jackal is almost dead.
The jackal misses you. The jackal bites you.
The hobgoblin hits you but does no damage.
You hit the jackal.
You kill the jackal!
The jackal bites you but does no damage.
The hobgoblin closely misses you.
You hit the hobgoblin but do no damage. The jackal closely misses you.
The hobgoblin hits you. The jackal misses you.
You hit the hobgoblin.
The hobgoblin is moderately wounded.
The jackal bites you. The hobgoblin hits you.
You are too injured to fight recklessly!
You are too injured to fight recklessly!
You are too injured to fight recklessly!
You are too injured to fight recklessly!
You are too injured to fight recklessly!
You are too injured to fight recklessly!
You are too injured to fight recklessly!
You are too injured to fight recklessly!
You are too injured to fight recklessly!
Unknown command.
The jackal bites you. The hobgoblin hits you.
* * * LOW HITPOINT WARNING * * *
The jackal completely misses you. The hobgoblin barely misses you.
The jackal bites you but does no damage.
Casting: Beastly Appendage (safe; 4% risk of failure)
Confirm with . or Enter, or press ? or * to list all spells.
You grow a pair of large bovine horns.
The jackal bites you.
You die...

##########
#######........#
#.......######.#
#.####### #.#
#.# #.# #@# #
#.# # #######h#
.. #.# #
#......g###.###
#.# #
#.#####.......#
#.### #..#....#
#.... #.## ....
##### #.. ##. #
.... # #...# #


You could see a jackal and a hobgoblin.

Vanquished Creatures
  7 endoplasms
  2 giant cockroaches (D:2)
  2 goblins (D:1)
  2 hobgoblins
  2 jackals (D:2)
  3 bats
  A frilled lizard (D:2)
  5 kobolds (D:1)
  5 rats
29 creatures vanquished.

Notes
Turn   | Place    | Note
-------+----------+-------------------------------------------
     0 | D:1      | Icepheonix32 the Merfolk Transmuter began the quest for the
                  | Orb.
     0 | D:1      | Reached XP level 1. HP: 15/15 MP: 3/3
   252 | D:1      | Reached XP level 2. HP: 21/21 MP: 3/5
   271 | D:1      | Found a faded altar of an unknown god.
   989 | D:2      | Reached XP level 3. HP: 22/26 MP: 4/6
  1357 | D:2      | Slain by a jackal

Illustrated notes

Levels and vault maps discovered:
D:1:      psy_arrival_heroes, layout_rooms, ebering_ecumenical_altar_abandoned,
          dreamdust_wishing_well, serial_bayou_pond_a, roderic_cross_of_infinity
D:2:      layout_loops_ring

Skill      XL: |  1 |
---------------+----+-----
Transmutations | 3 |  3.7
Fighting       | |  1.2
Dodging        | |  2.9
Unarmed Combat | |  3.8
Spellcasting   | |  2.1

Action                   || total
-------------------------++-------
Melee: Unarmed           ||    66
       Headbutt          ||     6
 Cast: Beastly Appendage ||    25
  Use: Scroll            ||     1
Armor: Robe              ||    15
Dodge: Dodged            ||    47
